cohdb
Replays
Latest Replays
All Replays
Popular Replays
Top Player Replays
Match Explorer
How It Works
Community
CoH3 Stats
Reddit
Sign in to upload your games and track your stats! →
Sign in with Steam
Match 40176184
Unlisted
Match 40176184
Overview
Messages
Build Orders
End
Panzergrenadier Squad
Selects Panzerjäger Kommand Battlegroup
Selects Blockade Equipment
Panzergrenadier Squad
250 Light Carrier
Construct Light Support Kompanie
Fire Support Elements
Selects Tank Busters
le.IG 18 Support Gun Team
Flakvierling Half-track
Panzerpioneer Squad
Panzerjäger Squad
Construct Panzerarmee Kommand
Panzergrenadier Squad
Selects Crew Shock Tactics
Walking Stuka Rocket Launcher
DaraBenő
Masang
爬树的肥猪
Particycles
RAZZLE DAZZLE
The Boogyman
0
0
Comments
sign in to comment!
No comments posted yet!